BR
GILBERT FIRE FIGHTERS @ FORT COLLINS COMMONERS
07/24/2027
 
TOP OF THE 1ST
Gilbert Fire Fighters batting - Pitching for Fort Collins Commoners : RHP Elias Bednell
Pitching: RHP Elias Bednell
Batting: RHB Cristián Cauozos 0-0: Ball
1-0: Foul Ball, location: 2F
1-1: Foul Ball, location: 2F
1-2: Ground out 6-3 (Groundball, 6S)
Batting: RHB James Richardson 0-0: Ball
1-0: Called Strike
1-1: Foul Ball, location: 2F
1-2: Strikes out swinging
Batting: SHB George Wells 0-0: Foul Ball, location: 2F
0-1: Ball
1-1: Called Strike
1-2: Hit by Pitch
Batting: RHB George Medine 0-0: Ball
1-0: Foul Ball, location: 2F
1-1: Ball
2-1: SINGLE (Groundball, 6MD)
George Wells to second
Runner from 2nd tries for 3rd, SAFE, throw made to third
Batting: LHB Bill Handy 0-0: Ball
1-0: Ball
2-0: Called Strike
2-1: Ball
3-1: Base on Balls
George Medine to second
Batting: RHB Jorge Álvarez 0-0: Ball
1-0: Ball
2-0: Ball
3-0: Fly out, F9 (Flyball, 9S)
Top of the 1st over - 0 run(s), 1 hit(s), 0 error(s), 3 left on base; Gilbert 0 - Fort Collins 0
BOTTOM OF THE 1ST
Fort Collins Commoners batting - Pitching for Gilbert Fire Fighters : RHP Carl Curry
Pitching: RHP Carl Curry
Batting: RHB Tomás Rivera 0-0: Called Strike
0-1: Swinging Strike
0-2: Ball
1-2: Foul Ball, location: 2F
1-2: Ball
2-2: Ball
3-2: SINGLE (Groundball, 6MD)
Batting: LHB Lorenzo Vargas 0-0: Ball
Tomás Rivera is caught stealing 2nd base
1-0: Ball
2-0: Ball
3-0: Called Strike
3-1: Ground out U3 (Groundball, 3)
Batting: RHB Juan Castillo 0-0: Called Strike
0-1: Called Strike
0-2: Foul Ball, location: 2F
0-2: Ball
1-2: Ball
2-2: Ball
3-2: Ground out 4-3 (Groundball, 4)
Bottom of the 1st over - 0 run(s), 1 hit(s), 0 error(s), 0 left on base; Gilbert 0 - Fort Collins 0
TOP OF THE 2ND
Gilbert Fire Fighters batting - Pitching for Fort Collins Commoners : RHP Elias Bednell
Batting: RHB James Jones 0-0: Ball
1-0: Foul Ball, location: 2F
1-1: Ball
2-1: Swinging Strike
2-2: Strikes out swinging
Batting: RHB Ángel Rodríguez 0-0: Ball
1-0: DOUBLE (Line Drive, 89D)
Batting: RHB Carl Curry 0-0: Ball
1-0: Called Strike
1-1: Foul Ball, location: 2F
1-2: Ground out 4-3 (Groundball, 4)
Ángel Rodríguez to third
Batting: RHB Cristián Cauozos 0-0: Ball
1-0: Ball
2-0: Swinging Strike
2-1: Ball
3-1: Base on Balls
Batting: RHB James Richardson 0-0: Ball
1-0: DOUBLE (Line Drive, 78M)
Ángel Rodríguez scores
Cristián Cauozos to third
Runner from 3rd tries for Home, SAFE, no throw
Batting: SHB George Wells 0-0: Ground out U3 (Groundball, 34)
Top of the 2nd over - 2 run(s), 2 hit(s), 0 error(s), 1 left on base; Gilbert 2 - Fort Collins 0
BOTTOM OF THE 2ND
Fort Collins Commoners batting - Pitching for Gilbert Fire Fighters : RHP Carl Curry
Batting: LHB Earl Wigfall 0-0: Ball
1-0: Ball
2-0: Ball
3-0: Base on Balls
Batting: LHB António Chávez 0-0: Fly out, F4 (Popup, 4)
Batting: RHB Xie-li Fong 0-0: Foul Ball, location: 2F
0-1: Ball
1-1: SINGLE (Line Drive, 4MD)
Earl Wigfall to second
Batting: RHB Carlos García 0-0: Called Strike
0-1: Fly out, F8 (Flyball, 8RS)
Batting: RHB Gary Roberts 0-0: Ball
1-0: Single, Error in OF, E7, batter to second base
Earl Wigfall scores
Xie-li Fong to third
Batting: RHB Eric Black 0-0: Called Strike
0-1: Ball
1-1: Ball
2-1: Foul Ball, location: 2F
2-2: Foul Ball, location: 2F
2-2: SINGLE (Groundball, 56) (infield hit)
Xie-li Fong scores
Gary Roberts to third
Batting: RHB Tomás Rivera 0-0: DOUBLE (Line Drive, 78D)
Gary Roberts scores
Eric Black to third
Runner from 3rd tries for Home, SAFE, no throw
Batting: LHB Lorenzo Vargas 0-0: Ball
1-0: Ball
2-0: Foul Ball, location: 2F
2-1: SINGLE (Groundball, 34D)
Tomás Rivera to third
Runner from 3rd tries for Home, SAFE, no throw
Batting: RHB Juan Castillo 0-0: Ball
1-0: TRIPLE (Groundball, 3L)
Lorenzo Vargas scores
Batting: LHB Earl Wigfall 0-0: Ball
1-0: Foul Ball, location: 2F
1-1: SINGLE (Flyball, 8RS)
Juan Castillo scores
Batting: LHB António Chávez 0-0: SINGLE (Line Drive, 89S)
Earl Wigfall to second
Batting: RHB Xie-li Fong 0-0: Ball
1-0: Called Strike
1-1: SINGLE (Groundball, 6) (infield hit)
Earl Wigfall to third
António Chávez to second
Batting: RHB Carlos García 0-0: Ball
1-0: GRAND SLAM HOME RUN (Flyball, 7D), Distance : 396 ft
Batting: RHB Gary Roberts 0-0: Foul Ball, location: 2F
0-1: SINGLE (Groundball, 4MD)
Batting: RHB Eric Black 0-0: Called Strike
0-1: Ball
1-1: Ball
2-1: Ball
3-1: Foul Ball, location: 2F
3-2: Foul Ball, location: 2F
3-2: SINGLE (Groundball, 56) (infield hit)
Gary Roberts to second
Batting: RHB Tomás Rivera 0-0: Ball
1-0: SINGLE (Line Drive, 56D)
Gary Roberts to third
Eric Black to second
Runner from 3rd tries for Home, SAFE, no throw
Batting: LHB Lorenzo Vargas 0-0: Ball
1-0: Called Strike
1-1: Ground out 4-3 (Groundball, 4M)
Bottom of the 2nd over - 12 run(s), 13 hit(s), 1 error(s), 2 left on base; Gilbert 2 - Fort Collins 12
TOP OF THE 3RD
Gilbert Fire Fighters batting - Pitching for Fort Collins Commoners : RHP Elias Bednell
Batting: RHB George Medine 0-0: Ball
1-0: Called Strike
1-1: Ball
2-1: Foul Ball, location: 2F
2-2: Ball
3-2: Fly out, F6 (Popup, 6MS)
Batting: LHB Bill Handy 0-0: Foul Ball, location: 2F
0-1: Called Strike
0-2: Ball
1-2: Foul Ball, location: 2F
1-2: Ball
2-2: Foul Ball, location: 2F
2-2: Foul Ball, location: 2F
2-2: Fly out, F2 (Popup, 5S)
Batting: RHB Jorge Álvarez 0-0: Ball
1-0: DOUBLE (Line Drive, 8LD)
Batting: RHB James Jones 0-0: Ball
1-0: Ball
2-0: Swinging Strike
2-1: Called Strike
2-2: Ball
3-2: Foul Ball, location: 2F
3-2: Strikes out looking
Top of the 3rd over - 0 run(s), 1 hit(s), 0 error(s), 1 left on base; Gilbert 2 - Fort Collins 12
BOTTOM OF THE 3RD
Fort Collins Commoners batting - Pitching for Gilbert Fire Fighters : RHP Carl Curry
Batting: RHB Juan Castillo 0-0: Foul Ball, location: 2F
0-1: Ball
1-1: Ball
2-1: Ball
3-1: Base on Balls
Batting: LHB Earl Wigfall 0-0: Called Strike
0-1: Ball
1-1: Called Strike
1-2: Ball
2-2: Ball
3-2: Base on Balls
Juan Castillo to second
Batting: LHB António Chávez 0-0: 3-RUN HOME RUN (Flyball, 9D), Distance : 379 ft
Batting: RHB Xie-li Fong 0-0: Swinging Strike
0-1: Swinging Strike
0-2: SINGLE (Groundball, 34D)
Batting: RHB Carlos García 0-0: Ball
1-0: Foul Ball, location: 2F
1-1: SINGLE (Line Drive, 7S)
Xie-li Fong to second
Batting: RHB Gary Roberts 0-0: Ball
Xie-li Fong steals 3rd base
Carlos García to second
1-0: Foul Ball, location: 2F
1-1: Ground out 6-3 (Groundball, 6S)
Xie-li Fong scores
Carlos García to third
Batting: RHB Eric Black 0-0: Called Strike
0-1: Foul Ball, location: 2F
0-2: Ball
1-2: Foul Ball, location: 2F
1-2: Ball
2-2: Foul Ball, location: 2F
2-2: Foul Ball, location: 2F
2-2: Foul Ball, location: 2F
2-2: Ball
3-2: Foul Ball, location: 2F
3-2: Ground out 5-3 (Groundball, 5L)
Batting: RHB Tomás Rivera 0-0: SINGLE (Groundball, 56D)
Carlos García scores
Batting: LHB Lorenzo Vargas 0-0: Called Strike
0-1: Ball
1-1: Called Strike
1-2: Ball
2-2: Foul Ball, location: 2F
2-2: Foul Ball, location: 2F
2-2: Ball
3-2: SINGLE (Groundball, 4D)
Tomás Rivera to second
Tomás Rivera to third
Batting: RHB Juan Castillo 0-0: Ball
1-0: Foul Ball, location: 2F
1-1: Ball
2-1: Swinging Strike
2-2: SINGLE (Flyball, 7LS)
Tomás Rivera scores
Lorenzo Vargas to second
Batting: LHB Earl Wigfall 0-0: Ball
1-0: Ground out 1-3 (Groundball, 15S)
Bottom of the 3rd over - 6 run(s), 6 hit(s), 0 error(s), 2 left on base; Gilbert 2 - Fort Collins 18
TOP OF THE 4TH
Gilbert Fire Fighters batting - Pitching for Fort Collins Commoners : RHP Elias Bednell
Batting: RHB Ángel Rodríguez 0-0: Called Strike
0-1: Foul Ball, location: 2F
0-2: Strikes out looking
Batting: RHB Carl Curry 0-0: Called Strike
0-1: Swinging Strike
0-2: Ball
1-2: Ball
2-2: Strikes out looking
Batting: RHB Cristián Cauozos 0-0: Foul Ball, location: 2F
0-1: SINGLE (Flyball, 78S)
Batting: RHB James Richardson 0-0: Fly out, F4 (Popup, 34D)
Top of the 4th over - 0 run(s), 1 hit(s), 0 error(s), 1 left on base; Gilbert 2 - Fort Collins 18
BOTTOM OF THE 4TH
Fort Collins Commoners batting - Pitching for Gilbert Fire Fighters : RHP Carl Curry
Batting: LHB António Chávez 0-0: Foul Ball, location: 2F
0-1: Ball
1-1: Swinging Strike
1-2: Strikes out looking
Batting: RHB Xie-li Fong 0-0: SINGLE (Groundball, 4D)
Batting: RHB Carlos García 0-0: Called Strike
0-1: DOUBLE (Line Drive, 7LM)
Xie-li Fong to third
Runner from 3rd tries for Home, throw and OUT!
Carlos García to third
Batting: RHB Gary Roberts 0-0: Called Strike
0-1: Ball
1-1: Ball
2-1: Foul Ball, location: 2F
2-2: Foul Ball, location: 2F
2-2: Ball
3-2: Base on Balls
Batting: RHB Eric Black 0-0: Ball
1-0: Called Strike
1-1: Called Strike
1-2: Ball
2-2: Ball
3-2: Base on Balls
Gary Roberts to second
Batting: RHB Tomás Rivera 0-0: Ball
1-0: Ball
2-0: Ball
3-0: Base on Balls
Carlos García scores
Gary Roberts to third
Eric Black to second
Batting: LHB Lorenzo Vargas 0-0: Ball
1-0: Ball
2-0: Called Strike
2-1: Ball
3-1: Foul Ball, location: 2F
3-2: SINGLE (Groundball, 6MD)
Gary Roberts scores
Eric Black to third
Tomás Rivera to second
Eric Black scores
Tomás Rivera to third
Batting: RHB Juan Castillo 0-0: Called Strike
0-1: Ball
1-1: SINGLE (Line Drive, 7S)
Tomás Rivera scores
Lorenzo Vargas to second
Batting: LHB Earl Wigfall 0-0: Ball
1-0: Foul Ball, location: 2F
1-1: Foul Ball, location: 2F
1-2: Ball
2-2: Ball
3-2: SINGLE (Flyball, 7S)
Lorenzo Vargas to third
Juan Castillo to second
Lorenzo Vargas scores
Juan Castillo to third
Batting: LHB António Chávez 0-0: Called Strike
0-1: Ball
1-1: Ball
2-1: Swinging Strike
2-2: Ball
3-2: Base on Balls
Earl Wigfall to second
Batting: RHB Xie-li Fong 0-0: Ball
1-0: Called Strike
1-1: Ball
2-1: Ball
3-1: Ground out 6-3 (Groundball, 56D)
Bottom of the 4th over - 5 run(s), 5 hit(s), 0 error(s), 3 left on base; Gilbert 2 - Fort Collins 23
TOP OF THE 5TH
Gilbert Fire Fighters batting - Pitching for Fort Collins Commoners : RHP Elias Bednell
Batting: SHB George Wells 0-0: Called Strike
0-1: Ball
1-1: Ball
2-1: Ground out 4-3 (Groundball, 4)
Pitching: RHP Hugh Rankin
Batting: RHB George Medine 0-0: Ball
1-0: Fly out, F8 (Flyball, 8LM)
Batting: LHB Bill Handy 0-0: Called Strike
0-1: Fly out, F6 (Popup, 56D)
Top of the 5th over - 0 run(s), 0 hit(s), 0 error(s), 0 left on base; Gilbert 2 - Fort Collins 23
BOTTOM OF THE 5TH
Fort Collins Commoners batting - Pitching for Gilbert Fire Fighters : RHP Carl Curry
Batting: RHB Carlos García 0-0: Fly out, F9 (Line Drive, 9)
Batting: RHB Gary Roberts 0-0: Ball
1-0: Foul Ball, location: 2F
1-1: Ball
2-1: Fly out, F9 (Line Drive, 9)
Batting: RHB Eric Black 0-0: Called Strike
0-1: Swinging Strike
0-2: Ball
1-2: Ball
2-2: SINGLE (Flyball, 78S)
Batting: RHB Tomás Rivera 0-0: Called Strike
0-1: SINGLE (Groundball, 34S) (infield hit)
Eric Black to second
Batting: LHB Lorenzo Vargas 0-0: Ball
1-0: SINGLE (Groundball, 34D)
Eric Black to third
Tomás Rivera to second
Runner from 3rd tries for Home, SAFE, no throw
Batting: RHB Juan Castillo 0-0: Called Strike
0-1: Foul Ball, location: 2F
0-2: Ball
1-2: Foul Ball, location: 2F
1-2: Fielders Choice at 2nd, 5-4 (Groundball, 56)
Bottom of the 5th over - 1 run(s), 3 hit(s), 0 error(s), 1 left on base; Gilbert 2 - Fort Collins 24
TOP OF THE 6TH
Gilbert Fire Fighters batting - Pitching for Fort Collins Commoners : RHP Hugh Rankin
Batting: RHB Jorge Álvarez 0-0: Ball
1-0: Foul Ball, location: 2F
1-1: Fly out, F9 (Flyball, 89D)
Batting: RHB James Jones 0-0: Ball
1-0: SINGLE (Groundball, 6MD)
Batting: RHB Ángel Rodríguez 0-0: Called Strike
0-1: Fly out, F8 (Flyball, 78M)
Batting: RHB Carl Curry 0-0: Ball
1-0: Fly out, F8 (Flyball, 89M)
Top of the 6th over - 0 run(s), 1 hit(s), 0 error(s), 1 left on base; Gilbert 2 - Fort Collins 24
BOTTOM OF THE 6TH
Fort Collins Commoners batting - Pitching for Gilbert Fire Fighters : RHP Carl Curry
Batting: LHB Earl Wigfall 0-0: Ball
1-0: Ball
2-0: Ball
3-0: Base on Balls
Batting: LHB António Chávez 0-0: Ball
Throwing error on steal attempt, E2
Earl Wigfall to third
1-0: Ball
2-0: Swinging Strike
2-1: Fly out, F7 (Line Drive, 78D)
Runner from 3rd tags up, SCORES, no throw
Batting: RHB Xie-li Fong 0-0: Swinging Strike
0-1: Ball
1-1: SINGLE (Groundball, 34D)
Batting: RHB Carlos García 0-0: Called Strike
0-1: Ball
1-1: Ball
2-1: Called Strike
2-2: Fly out, F6 (Popup, 56D)
Batting: RHB Gary Roberts 0-0: Fielders Choice at 2nd, U6 (Groundball, 6M)
Bottom of the 6th over - 1 run(s), 1 hit(s), 1 error(s), 1 left on base; Gilbert 2 - Fort Collins 25
TOP OF THE 7TH
Gilbert Fire Fighters batting - Pitching for Fort Collins Commoners : RHP Hugh Rankin
Batting: RHB Cristián Cauozos 0-0: Called Strike
0-1: Called Strike
0-2: SINGLE (Flyball, 9LS) - OUT at second base trying to stretch hit.
Batting: RHB James Richardson 0-0: Ball
1-0: Called Strike
1-1: Foul Ball, location: 2F
1-2: Foul Ball, location: 2F
1-2: Strikes out swinging
Batting: SHB George Wells 0-0: Fly out, F4 (Popup, 34)
Top of the 7th over - 0 run(s), 1 hit(s), 0 error(s), 0 left on base; Gilbert 2 - Fort Collins 25
BOTTOM OF THE 7TH
Fort Collins Commoners batting - Pitching for Gilbert Fire Fighters : RHP Carl Curry
Batting: RHB Eric Black 0-0: Swinging Strike
0-1: SINGLE (Line Drive, 6D)
Pinch Hitting: RHB Glen French 0-0: Ball
1-0: Ball
2-0: Called Strike
2-1: Foul Ball, location: 2F
2-2: Ball
3-2: Base on Balls
Eric Black to second
Batting: LHB Lorenzo Vargas 0-0: Foul Ball, location: 2F
0-1: Called Strike
0-2: SINGLE (Line Drive, 89S)
Eric Black to third
Glen French to second
Batting: RHB Juan Castillo 0-0: Foul Ball, location: 2F
0-1: Fielders Choice at 2nd, 5-4 (Groundball, 56)
Eric Black scores
Glen French to third
Batting: LHB Earl Wigfall 0-0: Ball
1-0: Ball
2-0: Called Strike
2-1: Called Strike
2-2: Foul Ball, location: 2F
2-2: Ball
3-2: Base on Balls
Juan Castillo to second
Batting: LHB António Chávez 0-0: Foul Ball, location: 2F
0-1: Foul Ball, location: 2F
0-2: Foul Ball, location: 2F
0-2: Foul Ball, location: 2F
0-2: Ball
1-2: Ball
2-2: Ball
3-2: Fly out, F8 (Flyball, 8LD)
Runner from 3rd tags up, SCORES, no throw
Juan Castillo to third
Batting: RHB Xie-li Fong 0-0: Called Strike
0-1: Fly out, F4 (Line Drive, 34)
Bottom of the 7th over - 2 run(s), 2 hit(s), 0 error(s), 2 left on base; Gilbert 2 - Fort Collins 27
TOP OF THE 8TH
Gilbert Fire Fighters batting - Pitching for Fort Collins Commoners : RHP Hugh Rankin
Now at 3B: Javier Contreras
Now in LF: Paul Lee
Batting: RHB George Medine 0-0: Swinging Strike
0-1: Ball
1-1: SINGLE (Line Drive, 6D)
Batting: LHB Bill Handy 0-0: Fly out, F8 (Flyball, 78M)
Batting: RHB Jorge Álvarez 0-0: Called Strike
0-1: Swinging Strike
0-2: Strikes out swinging
Batting: RHB James Jones 0-0: Ball
1-0: Called Strike
1-1: Called Strike
1-2: Ball
2-2: SINGLE (Flyball, 8LS)
George Medine to second
Runner from 2nd tries for 3rd, SAFE, no throw
Batting: RHB Ángel Rodríguez 0-0: Swinging Strike
0-1: Ball
1-1: Foul Ball, location: 2F
1-2: Foul Ball, location: 2F
1-2: Strikes out swinging
Top of the 8th over - 0 run(s), 2 hit(s), 0 error(s), 2 left on base; Gilbert 2 - Fort Collins 27
BOTTOM OF THE 8TH
Fort Collins Commoners batting - Pitching for Gilbert Fire Fighters : RHP Carl Curry
Batting: RHB Carlos García 0-0: Swinging Strike
0-1: SINGLE (Groundball, 6MD)
Batting: RHB Gary Roberts 0-0: Ball
1-0: Called Strike
1-1: SINGLE (Groundball, 34D)
Carlos García to second
Runner from 2nd tries for 3rd, SAFE, no throw
Batting: RHB Eric Black 0-0: Ball
Gary Roberts is caught stealing 2nd base
1-0: SINGLE (Popup, 6MD)
Carlos García scores
Pinch Hitting: RHB Monty Crawford 0-0: Called Strike
0-1: Ball
Wild Pitch!
Eric Black to second
1-1: Swinging Strike
1-2: SINGLE (Groundball, 56D)
Eric Black to third
Runner from 3rd tries for Home, SAFE, no throw
Batting: LHB Lorenzo Vargas 0-0: Ball
1-0: Called Strike
1-1: Ball
2-1: Ball
3-1: Called Strike
3-2: Foul Ball, location: 2F
3-2: SINGLE (Line Drive, 34)
Monty Crawford to second
Monty Crawford to third
Batting: LHB Paul Lee 0-0: Called Strike
0-1: Ball
1-1: Grounds into double play, 4-6-3 (Groundball, 4)
Bottom of the 8th over - 2 run(s), 5 hit(s), 0 error(s), 1 left on base; Gilbert 2 - Fort Collins 29
TOP OF THE 9TH
Gilbert Fire Fighters batting - Pitching for Fort Collins Commoners : RHP Hugh Rankin
Now at 3B: Monty Crawford
Now at SS: Sherman Cummings
Batting: RHB Carl Curry 0-0: Ball
1-0: Foul Ball, location: 2F
1-1: Called Strike
1-2: Reached on error, E5 (Groundball, 56)
Batting: RHB Cristián Cauozos 0-0: Called Strike
0-1: Ball
1-1: Called Strike
1-2: Strikes out swinging
Batting: RHB James Richardson 0-0: Ball
1-0: Swinging Strike
1-1: Grounds into double play, 6-4-3 (Groundball, 6)
Top of the 9th over - 0 run(s), 0 hit(s), 1 error(s), 0 left on base; Gilbert 2 - Fort Collins 29
Thursday, March 30th, 2017 - OOTP Baseball 17.12 Build 75